 Dungeon Sprint DCSS version 0.24-a0-578-gf1077d3 (webtiles) character file.

Game seed: 6580167664748744865

430 silentkaos13 the Protected (level 6, -3/52 HPs)
             Began as a Gnoll Wanderer on Aug 21, 2019.
             Was an Initiate of Qazlal.
             Slain by a slime creature (14 damage)
             ... in the Dungeon (Sprint I: "Red Sonja").
             The game lasted 00:01:06 (719 turns).

silentkaos13 the Protected (Gnoll Wanderer)          Turns: 719, Time: 00:01:06

Health: -3/52      AC:  6    Str: 14    XL:     6   Next: 99%
Magic:  13/13      EV: 14    Int: 13    God:    Qazlal [......]
Gold:   310        SH:  0    Dex: 18    Spells: 14/14 levels left

rFire    . . .     SeeInvis .   a - +2 mace
rCold    . . .     Gourm    .   (no shield)
rNeg     . . .     Faith    .   c - +0 ring mail
rPois    .         Spirit   .   (no helmet)
rElec    .         Reflect  .   (no cloak)
rCorr    .         Harm     .   (no gloves)
MR       .....     NoTele   +   (no boots)
Stlth    ++........             (no amulet)
HPRegen  0.17/turn              (no ring)
MPRegen  0.13/turn              (no ring)

@: no status effects
A: distributed training, fangs 1, strong nose
a: Renounce Religion


You were in the Dungeon.
You worshipped Qazlal.
Qazlal was noncommittal.
You were not hungry.

You visited 1 branch You collected 310 gold pieces.

Inventory:

Hand Weapons
 a - a +2 mace (weapon)
Armour
 c - a +0 ring mail (worn)
Wands
 j - a wand of digging (4)
 l - a wand of flame (16)
Scrolls
 i - a scroll of blinking
 m - a scroll of magic mapping {unknown}
Potions
 b - 2 potions of curing
 e - a potion of heal wounds
 f - a potion of haste
 g - 2 potions of magic
 h - a potion of berserk rage
 k - a potion of lignification {unknown}
Comestibles
 d - a ration


   Skills:
 + Level 5.6 Fighting
 + Level 4.9 Short Blades
 + Level 4.9 Long Blades
 + Level 4.9 Axes
 + Level 6.8 Maces & Flails
 + Level 4.9 Polearms
 + Level 4.9 Staves
 + Level 4.9 Slings
 + Level 4.9 Bows
 + Level 4.9 Crossbows
 + Level 5.6 Throwing
 + Level 8.3 Armour
 + Level 5.6 Dodging
 + Level 4.9 Stealth
 + Level 5.6 Shields
 + Level 5.6 Unarmed Combat
 + Level 4.9 Spellcasting
 + Level 4.1 Conjurations
 + Level 4.1 Hexes
 + Level 4.1 Charms
 + Level 4.1 Summonings
 + Level 4.1 Necromancy
 + Level 4.1 Translocations
 + Level 4.1 Transmutations
 + Level 4.1 Fire Magic
 + Level 4.1 Ice Magic
 + Level 4.1 Air Magic
 + Level 4.1 Earth Magic
 + Level 4.1 Poison Magic
 + Level 5.4 Invocations
 + Level 4.9 Evocations


You had 14 spell levels left.
You didn't know any spells.
Your spell library was empty.

Dungeon Overview and Level Annotations

Branches:
Dungeon (1/1)

Altars:
Cheibriados
Dithmenos
Elyvilon
Fedhas
Gozag
Hepliaklqana
Kikubaaqudgha
Makhleb
Nemelex Xobeh
Okawaru
Qazlal
Ru
Sif Muna
Trog
Uskayaw
Vehumet
Wu Jian
Xom
Yredelemnul
Zin
The Shining One
Jiyva
Lugonu

Shops:
D [


Innate Abilities, Weirdness & Mutations

Your experience applies equally to all skills.
You have very sharp teeth.
Your uncanny sense of smell can sniff out nearby items.


Message History

The slime creature hits you!!
You hit the slime creature.
You bite the slime creature, but do no damage.
The slime creature is heavily wounded.
The slime creature hits you.
You sock the slime creature!
The slime creature is heavily wounded.
The slime creature closely misses you.
You hit the slime creature. You bite the slime creature.
The slime creature is severely wounded.
The slime creature misses you.
You hit the slime creature.
The slime creature is severely wounded.
The slime creature hits you.
* * * LOW HITPOINT WARNING * * *
You sock the slime creature!
The slime creature is severely wounded.
The slime creature jiggles.
The slime creature misses you. The slime creature hits you!
You die...

###################
#<.#..').#.)'..#@_#∆∆
#..'[.#..'..#..'J.+∆∆
#..#####'#####'#__#
#..####..#...#.####∆∆
#..#__####..##)# ∆∆
#..#_____##'#_.+
#⌠⌠#_.∩...'..._# ∆∆
####_..__##_.#'#
∆∆#_____###+#.#∆∆∆∆


You could see a slime creature.

Vanquished Creatures
  A yak (D)
  Sigmund (D)
  An ogre (D)
  A jelly (D)
  Ijyb (D)
5 creatures vanquished.

Vanquished Creatures (others)
  A gargoyle (D)
1 creature vanquished.

Grand Total: 6 creatures vanquished

Notes
Turn   | Place    | Note
-------+----------+-------------------------------------------
     0 | D        | silentkaos13 the Gnoll Wanderer began the quest for the
                  | Orb.
     0 | D        | silentkaos13 set off with the following items: a +2 mace, 2
                  | potions of curing, a +0 ring mail, a ration, a potion of
                  | heal wounds, a potion of haste, 2 potions of magic, a
                  | potion of berserk rage, a scroll of blinking
     0 | D        | Reached XP level 1. HP: 17/17 MP: 1/1
     1 | D        | Noticed Ijyb
    15 | D        | Killed Ijyb
    15 | D        | Reached skill level 1 in Short Blades
    15 | D        | Reached skill level 1 in Long Blades
    15 | D        | Reached skill level 1 in Axes
    15 | D        | Reached skill level 1 in Polearms
    15 | D        | Reached skill level 1 in Staves
    15 | D        | Reached skill level 1 in Slings
    15 | D        | Reached skill level 1 in Bows
    15 | D        | Reached skill level 1 in Crossbows
    15 | D        | Reached skill level 1 in Stealth
    15 | D        | Reached skill level 1 in Spellcasting
    15 | D        | Reached skill level 1 in Conjurations
    15 | D        | Reached skill level 1 in Hexes
    15 | D        | Reached skill level 1 in Charms
    15 | D        | Reached skill level 1 in Summonings
    15 | D        | Reached skill level 1 in Necromancy
    15 | D        | Reached skill level 1 in Translocations
    15 | D        | Reached skill level 1 in Transmutations
    15 | D        | Reached skill level 1 in Fire Magic
    15 | D        | Reached skill level 1 in Ice Magic
    15 | D        | Reached skill level 1 in Air Magic
    15 | D        | Reached skill level 1 in Earth Magic
    15 | D        | Reached skill level 1 in Poison Magic
    15 | D        | Reached skill level 1 in Invocations
    15 | D        | Reached skill level 1 in Evocations
    15 | D        | Reached XP level 2. HP: 19/24 MP: 1/4
    15 | D        | Reached XP level 3. HP: 23/29 MP: 1/5
    61 | D        | Noticed an ogre
    69 | D        | Killed an ogre
    69 | D        | Reached skill level 5 in Maces & Flails
    69 | D        | Reached skill level 7 in Armour
    69 | D        | Reached XP level 4. HP: 19/37 MP: 5/8
   214 | D        | Noticed Sigmund
   221 | D        | Killed Sigmund
   221 | D        | Reached XP level 5. HP: 31/43 MP: 8/11
   221 | D        | Reached XP level 6. HP: 36/50 MP: 8/12
   315 | D        | Found an ornate altar of the Wu Jian Council.
   315 | D        | Found a shimmering blue altar of Sif Muna.
   317 | D        | Found a radiant altar of Vehumet.
   322 | D        | Reached skill level 5 in Fighting
   322 | D        | Reached skill level 5 in Throwing
   322 | D        | Reached skill level 5 in Dodging
   322 | D        | Reached skill level 5 in Shields
   322 | D        | Reached skill level 5 in Unarmed Combat
   425 | D        | Found Wyraluq's Armour Emporium.
   425 | D        | Found an ancient bone altar of Kikubaaqudgha.
   425 | D        | Found a hazy altar of Hepliaklqana.
   425 | D        | Found a stormy altar of Qazlal.
   425 | D        | Found a hide-covered altar of Uskayaw.
   425 | D        | Found a blossoming altar of Fedhas.
   425 | D        | Found a bloodstained altar of Trog.
   425 | D        | Found an iron altar of Okawaru.
   425 | D        | Found a basalt altar of Yredelemnul.
   425 | D        | Found a glowing golden altar of the Shining One.
   425 | D        | Found a snail-covered altar of Cheibriados.
   425 | D        | Found a sacrificial altar of Ru.
   425 | D        | Found a glowing silver altar of Zin.
   425 | D        | Found a shadowy altar of Dithmenos.
   425 | D        | Found a white marble altar of Elyvilon.
   425 | D        | Noticed a yak
   426 | D        | Found an opulent altar of Gozag.
   442 | D        | Killed a yak
   442 | D        | Reached skill level 8 in Armour
   442 | D        | Reached skill level 5 in Invocations
   443 | D        | Found a sparkling altar of Nemelex Xobeh.
   636 | D        | Killed a gargoyle
   698 | D        | Became a worshipper of Qazlal Stormbringer
   709 | D        | Found a burning altar of Makhleb.
   709 | D        | Found a viscous altar of Jiyva.
   709 | D        | Found a shimmering altar of Xom.
   709 | D        | Found a corrupted altar of Lugonu.
   709 | D        | Noticed a slime creature
   719 | D        | Slain by a slime creature

Levels and vault maps discovered:
D:        dungeon_sprint_1 [red_sonja_temple_1, red_sonja_temple_small_1]

Skill      XL: |  1  2  3  4  5  6 |
---------------+-------------------+-----
Fighting       | 3 4 5 |  5.6
Short Blades   | 1 3 4 |  4.9
Long Blades    | 1 3 4 |  4.9
Axes           | 1 3 4 |  4.9
Polearms       | 1 3 4 |  4.9
Staves         | 1 3 4 |  4.9
Slings         | 1 3 4 |  4.9
Bows           | 1 3 4 |  4.9
Crossbows      | 1 3 4 |  4.9
Throwing       | 3 4 5 |  5.6
Dodging        | 3 4 5 |  5.6
Stealth        | 1 3 4 |  4.9
Shields        | 3 4 5 |  5.6
Unarmed Combat | 3 4 5 |  5.6
Spellcasting   | 1 3 4 |  4.9
Conjurations   | 1 2 3 4 |  4.1
Hexes          | 1 2 3 4 |  4.1
Charms         | 1 2 3 4 |  4.1
Summonings     | 1 2 3 4 |  4.1
Necromancy     | 1 2 3 4 |  4.1
Translocations | 1 2 3 4 |  4.1
Transmutations | 1 2 3 4 |  4.1
Fire Magic     | 1 2 3 4 |  4.1
Ice Magic      | 1 2 3 4 |  4.1
Air Magic      | 1 2 3 4 |  4.1
Earth Magic    | 1 2 3 4 |  4.1
Poison Magic   | 1 2 3 4 |  4.1
Invocations    | 1 3 4 5 |  5.4
Evocations     | 1 3 4 |  4.9
Maces & Flails | 5 6 |  6.8
Armour         | 7 8 |  8.3

Action                   |  1- 3 |  4- 6 || total
-------------------------+-------+-------++-------
Melee: Mace              |    20 |    32 ||    52
       Bite              |     1 |     5 ||     6
       Punch             |     1 |       ||     1
Armor: Ring mail         |     6 |     2 ||     8
Dodge: Dodged            |    12 |    16 ||    28

Table legend:
 A = Non-vault XP
 B = Vault XP
 C = Vault XP percentage of total XP
 D = Non-vault monster count
 E = Vault monster count
 F = Vault count percentage of total count
                 A         B        C        D         E       F
            +---------+---------+-------+---------+---------+-------
      Total |       0 |     615 | 100.0 |       0 |       5 | 100.0
            +---------+---------+-------+---------+---------+-------
          D |       0 |     615 | 100.0 |       0 |       5 | 100.0
            +---------+---------+-------+---------+---------+-------
